TOP OF THE 1ST |
Colorado (EL) Rockies batting - Pitching for San Antonio Missions : RHP Mike Foulger
|
Pitching: RHP Mike Foulger
|
|
Batting: RHB Mike McElroy
|
0-0: Foul Ball, location: 2F 0-1: Called Strike 0-2: Ball 1-2: SINGLE (Line Drive, 78S, EV 96.2 MPH)
|
Batting: LHB Tomoya Hashimoto
|
0-0: Swinging Strike 0-1: Ball 1-1: Swinging Strike 1-2: Ball 2-2: Strikes out swinging
|
Batting: LHB Luke Coulter
|
0-0: Ball 1-0: DOUBLE (Groundball, 5L, EV 95.0 MPH) Mike McElroy to third
|
Batting: RHB John Boyer
|
0-0: Ball 1-0: Called Strike 1-1: Foul Ball, location: 2F 1-2: Strikes out swinging
|
Batting: LHB Matt Calitri
|
0-0: Ground out 6-3 (Groundball, 6MD, EV 103.1 MPH)
|
Top of the 1st over - 0 runs, 2 hits, 0 errors, 2 left on base; Colorado (EL) 0 - San Antonio 0 |
BOTTOM OF THE 1ST |
San Antonio Missions batting - Pitching for Colorado (EL) Rockies : RHP Mokichi Furuta
|
Pitching: RHP Mokichi Furuta
|
|
Batting: RHB Jaden Scott
|
0-0: Ball 1-0: Ball 2-0: Foul Ball, location: 2F 2-1: Swinging Strike 2-2: Strikes out swinging
|
Batting: RHB Juan Espinoza
|
0-0: Called Strike 0-1: Ball 1-1: Ball 2-1: Foul Ball, location: 2F 2-2: Ground out 6-3 (Groundball, 6, EV 93.1 MPH)
|
Batting: LHB Hugo MacBeth
|
0-0: Ball 1-0: Ball 2-0: SINGLE (Line Drive, 9S, EV 110.0 MPH)
|
Batting: SHB Hatsuo Miura
|
0-0: Swinging Strike 0-1: Ball 1-1: Called Strike 1-2: SINGLE (Groundball, 34D, EV 95.0 MPH) Hugo MacBeth to second Runner from 2nd tries for 3rd, SAFE, throw by RF made to third
|
Batting: LHB J.D. Brenner
|
0-0: Ball 1-0: Foul Ball, location: 2F 1-1: Ball 2-1: Reached on error, E6 (Groundball, 6, EV 103.8 MPH) Hugo MacBeth scores Hatsuo Miura to second
|
Batting: RHB Joe Weissman
|
0-0: Foul Ball, location: 2F 0-1: Called Strike 0-2: Ground out 6-3 (Groundball, 6S, EV 82.5 MPH)
|
Bottom of the 1st over - 1 run, 2 hits, 1 error, 2 left on base; Colorado (EL) 0 - San Antonio 1 |
TOP OF THE 2ND |
Colorado (EL) Rockies batting - Pitching for San Antonio Missions : RHP Mike Foulger
|
Batting: LHB Harry Folsom
|
0-0: Called Strike 0-1: Foul Ball, location: 2F 0-2: Ball 1-2: Strikes out swinging
|
Batting: RHB Salvador Avina
|
0-0: Foul Ball, location: 2F 0-1: Swinging Strike 0-2: Strikes out swinging
|
Batting: LHB Mike Kara
|
0-0: Called Strike 0-1: Reached on error, E3 (Groundball, 34, EV 102.5 MPH)
|
Batting: RHB Chris Rosinsky
|
0-0: Called Strike 0-1: Foul Ball, location: 2F 0-2: Ground out U3 (Groundball, 3L, EV 79.4 MPH)
|
Top of the 2nd over - 0 runs, 0 hits, 1 error, 1 left on base; Colorado (EL) 0 - San Antonio 1 |
BOTTOM OF THE 2ND |
San Antonio Missions batting - Pitching for Colorado (EL) Rockies : RHP Mokichi Furuta
|
Batting: LHB Josh Slusarczyk
|
0-0: Ball 1-0: Ball 2-0: Ball 3-0: Foul Ball, location: 2F 3-1: Foul Ball, location: 2F 3-2: Strikes out swinging
|
Batting: RHB Danny Gallegos
|
0-0: Fly out, F8 (Flyball, 8RD, EV 77.5 MPH)
|
Batting: LHB Yeong-hun Joe
|
0-0: Ground out 6-3 (Groundball, 56, EV 108.8 MPH)
|
Bottom of the 2nd over - 0 runs, 0 hits, 0 errors, 0 left on base; Colorado (EL) 0 - San Antonio 1 |
TOP OF THE 3RD |
Colorado (EL) Rockies batting - Pitching for San Antonio Missions : RHP Mike Foulger
|
Batting: RHB Mike McElroy
|
0-0: Ball 1-0: Foul Ball, location: 2F 1-1: Ball 2-1: Ball 3-1: Foul Ball, location: 2F 3-2: Foul Ball, location: 2F 3-2: Fly out, F7 (Flyball, 7D, EV 95.6 MPH)
|
Batting: LHB Tomoya Hashimoto
|
0-0: Ground out 6-3 (Groundball, 6, EV 85.0 MPH)
|
Batting: LHB Luke Coulter
|
0-0: Called Strike 0-1: Foul Ball, location: 2F 0-2: Ball 1-2: Foul Ball, location: 2F 1-2: Foul Ball, location: 2F 1-2: Foul Ball, location: 2F 1-2: Foul Ball, location: 2F 1-2: Ball 2-2: Ground out 6-3 (Groundball, 6, EV 110.6 MPH)
|
Top of the 3rd over - 0 runs, 0 hits, 0 errors, 0 left on base; Colorado (EL) 0 - San Antonio 1 |
BOTTOM OF THE 3RD |
San Antonio Missions batting - Pitching for Colorado (EL) Rockies : RHP Mokichi Furuta
|
Batting: RHB Jaden Scott
|
0-0: Called Strike 0-1: Ball 1-1: Foul Ball, location: 2F 1-2: Ball 2-2: Fly out, F7 (Flyball, 78M, EV 95.6 MPH)
|
Batting: RHB Juan Espinoza
|
0-0: Swinging Strike 0-1: Ball 1-1: Foul Ball, location: 2F 1-2: Fly out, F8 (Flyball, 8RM, EV 93.8 MPH)
|
Batting: LHB Hugo MacBeth
|
0-0: SOLO HOME RUN (Flyball, 7D, EV 96.9 MPH), Distance : 373 ft
|
Batting: SHB Hatsuo Miura
|
0-0: Swinging Strike 0-1: Swinging Strike 0-2: Ball 1-2: Foul Ball, location: 2F 1-2: Ball 2-2: Strikes out looking
|
Bottom of the 3rd over - 1 run, 1 hit, 0 errors, 0 left on base; Colorado (EL) 0 - San Antonio 2 |
TOP OF THE 4TH |
Colorado (EL) Rockies batting - Pitching for San Antonio Missions : RHP Mike Foulger
|
Batting: RHB John Boyer
|
0-0: Called Strike 0-1: Foul Ball, location: 2F 0-2: Ball 1-2: Ball 2-2: SINGLE (Groundball, 6MD, EV 109.4 MPH)
|
Batting: LHB Matt Calitri
|
0-0: Called Strike 0-1: Ball 1-1: Ball Wild Pitch! John Boyer to second 2-1: Foul Ball, location: 2F 2-2: Foul Ball, location: 2F 2-2: Fly out, F8 (Flyball, 8LD, EV 103.1 MPH)
|
Batting: LHB Harry Folsom
|
0-0: Ball 1-0: Ball Wild Pitch! John Boyer to third 2-0: Fly out, F6 (Line Drive, 56D, EV 63.8 MPH)
|
Batting: RHB Salvador Avina
|
0-0: Foul Ball, location: 2F 0-1: Swinging Strike 0-2: Strikes out swinging
|
Top of the 4th over - 0 runs, 1 hit, 0 errors, 1 left on base; Colorado (EL) 0 - San Antonio 2 |
BOTTOM OF THE 4TH |
San Antonio Missions batting - Pitching for Colorado (EL) Rockies : RHP Mokichi Furuta
|
Batting: LHB J.D. Brenner
|
0-0: Called Strike 0-1: Ground out 5-3 (Groundball, 5L, EV 101.9 MPH)
|
Batting: RHB Joe Weissman
|
0-0: Swinging Strike 0-1: Ball 1-1: Foul Ball, location: 2F 1-2: Ball 2-2: Foul Ball, location: 2F 2-2: Ball 3-2: Foul Ball, location: 2F 3-2: SINGLE (Flyball, 3D, EV 92.5 MPH)
|
Batting: LHB Josh Slusarczyk
|
0-0: Fly out, F7 (Flyball, 78M, EV 89.4 MPH)
|
Batting: RHB Danny Gallegos
|
0-0: Called Strike 0-1: Ball 1-1: 2-RUN HOME RUN (Flyball, 78XD, EV 106.9 MPH), Distance : 394 ft
|
Batting: LHB Yeong-hun Joe
|
0-0: Called Strike 0-1: Ball 1-1: Foul Ball, location: 2F 1-2: Ball 2-2: Ball 3-2: Fly out, F7 (Flyball, 7LS, EV 88.1 MPH)
|
Bottom of the 4th over - 2 runs, 2 hits, 0 errors, 0 left on base; Colorado (EL) 0 - San Antonio 4 |
TOP OF THE 5TH |
Colorado (EL) Rockies batting - Pitching for San Antonio Missions : RHP Mike Foulger
|
Batting: LHB Mike Kara
|
0-0: Called Strike 0-1: Fly out, F7 (Line Drive, 7, EV 98.8 MPH)
|
Batting: RHB Chris Rosinsky
|
0-0: Ball 1-0: Foul Ball, location: 2F 1-1: Foul Ball, location: 2F 1-2: Strikes out swinging
|
Batting: RHB Mike McElroy
|
0-0: Foul Ball, location: 2F 0-1: Ball 1-1: DOUBLE (Line Drive, 7LM, EV 112.5 MPH)
|
Batting: LHB Tomoya Hashimoto
|
0-0: Ball 1-0: Fly out, F8 (Line Drive, 78M, EV 90.0 MPH)
|
Top of the 5th over - 0 runs, 1 hit, 0 errors, 1 left on base; Colorado (EL) 0 - San Antonio 4 |
BOTTOM OF THE 5TH |
San Antonio Missions batting - Pitching for Colorado (EL) Rockies : RHP Mokichi Furuta
|
Batting: RHB Jaden Scott
|
0-0: Fly out, F4 (Popup, 34D, EV 71.9 MPH)
|
Batting: RHB Juan Espinoza
|
0-0: Called Strike 0-1: Ball 1-1: Ball 2-1: Ground out 6-3 (Groundball, 6, EV 90.0 MPH)
|
Batting: LHB Hugo MacBeth
|
0-0: Called Strike 0-1: Ground out 6-3 (Groundball, 6, EV 103.8 MPH)
|
Bottom of the 5th over - 0 runs, 0 hits, 0 errors, 0 left on base; Colorado (EL) 0 - San Antonio 4 |
TOP OF THE 6TH |
Colorado (EL) Rockies batting - Pitching for San Antonio Missions : RHP Mike Foulger
|
Batting: LHB Luke Coulter
|
0-0: Called Strike 0-1: SINGLE (Groundball, 34D, EV 103.1 MPH)
|
Batting: RHB John Boyer
|
0-0: Ball 1-0: Called Strike Luke Coulter is caught stealing 2nd base 2-4 1-1: Ball 2-1: Swinging Strike 2-2: Ground out 6-3 (Groundball, 6, EV 80.0 MPH)
|
Batting: LHB Matt Calitri
|
0-0: Ball 1-0: Ball 2-0: Ball 3-0: Called Strike 3-1: Foul Ball, location: 2F 3-2: Fly out, F7 (Flyball, 7, EV 90.0 MPH)
|
Top of the 6th over - 0 runs, 1 hit, 0 errors, 0 left on base; Colorado (EL) 0 - San Antonio 4 |
BOTTOM OF THE 6TH |
San Antonio Missions batting - Pitching for Colorado (EL) Rockies : RHP Mokichi Furuta
|
Batting: SHB Hatsuo Miura
|
0-0: Ball 1-0: Ball 2-0: Called Strike 2-1: Fly out, F8 (Line Drive, 78M, EV 90.0 MPH)
|
Batting: LHB J.D. Brenner
|
0-0: Ground out 2-3 (Groundball, 15S, EV 66.9 MPH)
|
Batting: RHB Joe Weissman
|
0-0: Ball 1-0: Foul Ball, location: 2F 1-1: Foul Ball, location: 2F 1-2: Ball 2-2: Foul Ball, location: 2F 2-2: Ball 3-2: Base on Balls
|
Batting: LHB Josh Slusarczyk
|
0-0: Reached on error, E3 (Groundball, 3L, EV 86.9 MPH) Joe Weissman to second
|
Batting: RHB Danny Gallegos
|
0-0: Ball 1-0: Ball 2-0: SINGLE (Groundball, 56D, EV 99.4 MPH) Joe Weissman to third Josh Slusarczyk to second Runner from 3rd tries for Home, SAFE, throw by LF to home
|
Pitching: RHP James Bitner
|
|
Batting: LHB Yeong-hun Joe
|
0-0: Ball 1-0: Foul Ball, location: 2F 1-1: Ball 2-1: Foul Ball, location: 2F 2-2: Ball 3-2: Base on Balls Josh Slusarczyk to third Danny Gallegos to second
|
Batting: RHB Jaden Scott
|
0-0: Called Strike 0-1: Foul Ball, location: 2F 0-2: Fly out, F8 (Flyball, 8LXD, EV 81.9 MPH)
|
Bottom of the 6th over - 1 run, 1 hit, 1 error, 3 left on base; Colorado (EL) 0 - San Antonio 5 |
TOP OF THE 7TH |
Colorado (EL) Rockies batting - Pitching for San Antonio Missions : RHP Mike Foulger
|
Pitching: LHP Tyler Kenney
|
|
Batting: LHB Harry Folsom
|
0-0: SINGLE (Groundball, 4MD, EV 101.2 MPH)
|
Batting: RHB Salvador Avina
|
0-0: Called Strike 0-1: Ball 1-1: Called Strike 1-2: Strikes out swinging
|
Batting: LHB Mike Kara
|
0-0: Foul Ball, location: 2F 0-1: Fly out, F8 (Flyball, 8RD, EV 80.0 MPH)
|
Batting: RHB Chris Rosinsky
|
0-0: Swinging Strike 0-1: Ball 1-1: Fly out, F9 (Flyball, 9D, EV 101.9 MPH)
|
Top of the 7th over - 0 runs, 1 hit, 0 errors, 1 left on base; Colorado (EL) 0 - San Antonio 5 |
BOTTOM OF THE 7TH |
San Antonio Missions batting - Pitching for Colorado (EL) Rockies : RHP James Bitner
|
Batting: RHB Juan Espinoza
|
0-0: Ball 1-0: Foul Ball, location: 2F 1-1: Fly out, F9 (Flyball, 9LS, EV 95.0 MPH)
|
Batting: LHB Hugo MacBeth
|
0-0: Ball 1-0: Ball 2-0: Ball 3-0: Base on Balls
|
Batting: SHB Hatsuo Miura
|
0-0: Foul Ball, location: 2F 0-1: Fielders Choice at 2nd, 1-6 (Groundball, 34S, EV 68.8 MPH)
|
Batting: LHB J.D. Brenner
|
0-0: Swinging Strike 0-1: Swinging Strike 0-2: Fly out, F7 (Flyball, 7S, EV 85.0 MPH)
|
Bottom of the 7th over - 0 runs, 0 hits, 0 errors, 1 left on base; Colorado (EL) 0 - San Antonio 5 |
TOP OF THE 8TH |
Colorado (EL) Rockies batting - Pitching for San Antonio Missions : LHP Tyler Kenney
|
Batting: RHB Mike McElroy
|
0-0: Ball 1-0: Foul Ball, location: 2F 1-1: Ball 2-1: Foul Ball, location: 2F 2-2: Fly out, F9 (Flyball, 9D, EV 105.6 MPH)
|
Batting: LHB Tomoya Hashimoto
|
0-0: Fly out, F8 (Flyball, 8RXD, EV 98.1 MPH)
|
Batting: LHB Luke Coulter
|
0-0: Called Strike 0-1: Ball 1-1: Foul Ball, location: 2F 1-2: Ground out 6-3 (Groundball, 6M, EV 98.1 MPH)
|
Top of the 8th over - 0 runs, 0 hits, 0 errors, 0 left on base; Colorado (EL) 0 - San Antonio 5 |
BOTTOM OF THE 8TH |
San Antonio Missions batting - Pitching for Colorado (EL) Rockies : RHP James Bitner
|
Batting: RHB Joe Weissman
|
0-0: Foul Ball, location: 2F 0-1: Swinging Strike 0-2: Ball 1-2: Strikes out looking
|
Batting: LHB Josh Slusarczyk
|
0-0: Ground out 5-3 (Groundball, 5, EV 85.0 MPH)
|
Batting: RHB Danny Gallegos
|
0-0: Ground out 6-3 (Groundball, 6MD, EV 100.6 MPH)
|
Bottom of the 8th over - 0 runs, 0 hits, 0 errors, 0 left on base; Colorado (EL) 0 - San Antonio 5 |
TOP OF THE 9TH |
Colorado (EL) Rockies batting - Pitching for San Antonio Missions : LHP Tyler Kenney
|
Batting: RHB John Boyer
|
0-0: Foul Ball, location: 2F 0-1: Ball 1-1: Foul Ball, location: 2F 1-2: Ball 2-2: Strikes out swinging
|
Batting: LHB Matt Calitri
|
0-0: Swinging Strike 0-1: Foul Ball, location: 2F 0-2: Ball 1-2: Ball 2-2: Fly out, F7 (Flyball, 7LM, EV 103.8 MPH)
|
Batting: LHB Harry Folsom
|
0-0: Ground out 6-3 (Groundball, 6, EV 93.8 MPH)
|
Top of the 9th over - 0 runs, 0 hits, 0 errors, 0 left on base; Colorado (EL) 0 - San Antonio 5 |
|